 Dungeon Crawl Stone Soup version 0.18.1-6-gd335043 (webtiles) character file.

6945 magipi the Cleaver (level 11, -6/89 HPs)
             Began as a Hill Orc Gladiator on May 16, 2016.
             Was a Follower of Nemelex Xobeh.
             Mangled by a cyclops (19 damage)
             ... on level 11 of the Dungeon.
             The game lasted 00:47:13 (9121 turns).

magipi the Cleaver (Hill Orc Gladiator)             Turns: 9121, Time: 00:47:14

Health: -6/89      AC: 14    Str: 22    XL:     11   Next: 7%
Magic:  17/17      EV: 11    Int:  8    God:    Nemelex Xobeh [*.....]
Gold:   88         SH:  2    Dex: 14    Spells: 0 memorised, 10 levels left

rFire  . . .     SeeInvis .     a - +0 battleaxe
rCold  + . .     Gourm    .     x - +4 scale mail
rNeg   . . .     Faith    .     (shield currently unavailable)
rPois  .         Spirit   .     L - +1 helmet
rElec  .         Dismiss  .     (no cloak)
rCorr  .         Reflect  +     (no gloves)
SustAt +         Harm     .     (no boots)
MR     .....                    V - +2 amulet of reflection
Stlth  +.........               c - ring of the Pure Stars {rC+ Str+3 Stlth+}
                                h - ring of sustain attributes

@: not resistant to hostile enchantments, very unstealthy
A: no striking features
a: Renounce Religion


You were on level 11 of the Dungeon.
You worshipped Nemelex Xobeh.
Nemelex Xobeh was aware of your devotion.
You were not hungry.

You visited 2 branches of the dungeon, and saw 12 of its levels.

You collected 496 gold pieces.
You spent 408 gold pieces at shops.

Notes
Turn   | Place    | Note
--------------------------------------------------------------
     0 | D:1      | magipi the Hill Orc Gladiator began the quest for the Orb.
     0 | D:1      | Reached XP level 1. HP: 18/18 MP: 1/1
   118 | D:1      | Reached XP level 2. HP: 6/25 MP: 2/2
   617 | D:1      | Reached XP level 3. HP: 26/30 MP: 3/3
  1073 | D:2      | Noticed Terence
  1094 | D:2      | Reached skill level 5 in Axes
  1097 | D:2      | Reached XP level 4. HP: 31/37 MP: 4/4
  1102 | D:2      | Killed Terence
  1218 | D:2      | Found a shadowy altar of Dithmenos.
  1843 | D:3      | Reached XP level 5. HP: 42/42 MP: 5/5
  1985 | D:3      | Reached skill level 6 in Axes
  2405 | D:4      | Noticed a phantom
  2447 | D:4      | Killed a phantom
  2447 | D:4      | Reached XP level 6. HP: 49/50 MP: 6/6
  2515 | D:4      | Reached skill level 7 in Axes
  2523 | D:4      | Noticed a phantom
  2559 | D:4      | Killed a phantom
  2607 | D:3      | Reached XP level 7. HP: 54/56 MP: 7/7
  2663 | D:4      | Found a basalt altar of Yredelemnul.
  2753 | D:4      | Reached skill level 5 in Throwing
  2827 | D:4      | Got a crude chain mail
  2900 | D:3      | Identified the cursed +1 chain mail of Xom's Righteous Fury {+Fly rN+ Str-5} (You found it on level 4 of the Dungeon)
  2959 | D:4      | Reached skill level 8 in Axes
  3134 | D:4      | Found a bloodstained altar of Trog.
  3167 | D:5      | Entered Level 5 of the Dungeon
  3552 | D:5      | Noticed Edmund
  3605 | D:5      | Reached skill level 9 in Axes
  3605 | D:5      | Reached XP level 8. HP: 54/62 MP: 8/8
  3833 | D:5      | Found a snail-covered altar of Cheibriados.
  3886 | D:5      | Killed Edmund
  3886 | D:5      | Reached skill level 10 in Axes
  3951 | D:5      | Found a shimmering altar of Xom.
  4191 | D:5      | Found a glowing golden altar of the Shining One.
  4388 | D:6      | Noticed Grinder
  4409 | D:6      | Killed Grinder
  4496 | D:6      | Found a glowing silver altar of Zin.
  4496 | D:6      | Found a shimmering altar of Xom.
  4496 | D:6      | Noticed an angel
  4662 | D:7      | Reached skill level 1 in Armour
  4662 | D:7      | Reached skill level 1 in Evocations
  4750 | D:6      | Found Zitiel's Distillery.
  4766 | D:6      | Reached XP level 9. HP: 63/70 MP: 8/10
  4783 | D:6      | Bought a potion of curing for 36 gold pieces
  4783 | D:6      | Bought a potion of might for 48 gold pieces
  4821 | D:6      | You fall through a shaft for 3 floors!
  5201 | D:7      | Found a glowing silver altar of Zin.
  5240 | D:7      | Reached skill level 5 in Fighting
  5298 | D:7      | Noticed a troll
  5488 | D:7      | Found a staircase to the Ecumenical Temple.
  5498 | Temple   | Entered the Ecumenical Temple
  5506 | Temple   | Became a worshipper of Nemelex Xobeh the Trickster
  5531 | Temple   | Received a gift from Nemelex Xobeh
  5893 | D:7      | Got a scintillating steel ring
  6362 | D:7      | Killed a troll
  6423 | D:6      | Bought a potion of cancellation for 96 gold pieces
  6423 | D:6      | Bought a potion of magic for 96 gold pieces
  6423 | D:6      | Bought 2 potions of agility for 96 gold pieces
  6423 | D:6      | Bought a potion of lignification for 36 gold pieces
  6642 | D:8      | Identified the ring of the Pure Stars {rC+ Str+3 Stlth+} (You found it on level 7 of the Dungeon)
  6709 | D:8      | Noticed Joseph
  6718 | D:8      | Killed Joseph
  6718 | D:8      | Reached skill level 5 in Armour
  6718 | D:8      | Reached skill level 5 in Evocations
  6718 | D:8      | Reached XP level 10. HP: 71/83 MP: 13/13
  7181 | D:9      | Found a staircase to the Lair.
  7184 | D:9      | Reached * piety under Nemelex Xobeh
  7475 | D:9      | You fall through a shaft!
  7475 | D:10     | Entered Level 10 of the Dungeon
  7502 | D:10     | Noticed Urug
  7517 | D:10     | Noticed Urug
  7517 | D:10     | Urug changed into Urug the giant eyeball
  7524 | D:10     | Killed Urug the giant eyeball
  8069 | D:10     | Noticed a hill giant
  8126 | D:10     | Killed a hill giant
  8496 | D:10     | Reached XP level 11. HP: 80/89 MP: 17/17
  8873 | D:11     | Noticed a manticore
  8888 | D:11     | Killed a manticore
  9098 | D:11     | Noticed a cyclops
  9118 | D:11     | HP: 4/89 [cyclops (24)]
  9121 | D:11     | Mangled by a cyclops

Inventory:

Hand Weapons
 a - a +0 battleaxe (weapon)
 b - a +0 blowgun
 g - a +1 flail of holy wrath
 N - a +1 war axe
Missiles
 I - 16 poisoned needles
 W - 4 javelins (quivered)
Armour
 k - a +0 ring mail of cold resistance
 x - a +4 scale mail (worn)
 G - a +2 leather armour of fire resistance
 L - a +1 helmet (worn)
 Z - a +1 plate armour of fire resistance
Jewellery
 c - the ring of the Pure Stars (right hand) {rC+ Str+3 Stlth+}
   (You found it on level 7 of the Dungeon)

   [ring of protection from cold]

   It affects your strength (+3).
   It protects you from cold.
   It makes you more stealthy.
 h - a ring of sustain attributes (left hand)
 m - an uncursed ring of ice
 r - an uncursed amulet of regeneration
 u - an uncursed ring of magical power
 J - an uncursed ring of protection from cold {unknown}
 P - an uncursed ring of wizardry
 V - a +2 amulet of reflection (around neck)
Wands
 q - a wand of hasting (9/9)
 t - a wand of iceblast (3/15)
 y - a wand of polymorph (5/24)
 E - a wand of slowing (20/48)
 O - a wand of lightning (9/15)
 R - a wand of lightning (5/15)
 S - a wand of lightning (10/15)
 T - a wand of polymorph (14/24)
Scrolls
 j - 2 scrolls of fog
 l - a scroll of teleportation
 F - 2 scrolls of enchant armour
Potions
 e - 3 potions of magic
 n - 3 potions of curing
 o - a potion of beneficial mutation
 p - a potion of resistance
 s - a potion of haste {unknown}
 v - 2 potions of cancellation
 w - 2 potions of might
 z - 3 potions of lignification
 B - 2 potions of heal wounds
 C - 2 potions of flight
 H - a potion of brilliance {unknown}
 Q - a potion of agility
Books
 X - a book of the Earth

   Spells                             Type                      Level
   a - Leda's Liquefaction            Hexes/Earth                  4
   b - Bolt of Magma                  Conjuration/Fire/Earth       5
   c - Statue Form                    Transmutation/Earth          6
   d - Iron Shot                      Conjuration/Earth            6
   e - Shatter                        Earth                        9
Miscellaneous
 D - a plain deck of war {drawn: 11}
Comestibles
 f - 8 bread rations
 i - 7 meat rations
 K - 24 fruits


   Skills:
 - Level 6.0 Fighting
 - Level 10.6 Axes
 - Level 7.1 Throwing
 + Level 9.2 Armour
 - Level 2.4 Dodging
 + Level 8.4 Evocations


You had 10 spell levels left.
You didn't know any spells.

Dungeon Overview and Level Annotations

Branches:
Dungeon (11/15)            Temple (1/1) D:7            Lair (0/8) D:9
    Orc: D:9-12

Altars:
Ashenzari
Cheibriados
Dithmenos
Fedhas
Gozag
Kikubaaqudgha
Makhleb
Nemelex Xobeh
Pakellas
Qazlal
Ru
Sif Muna
Trog
Xom
Yredelemnul
Zin
The Shining One

Shops:
D:6 !

Vault maps used:
D:1:      dpeg_arrival_court, minmay_misc_feat_roman
D:2:      grunt_dithmenos_smoke, first_bread, uniq_terence
D:4:      lemuel_doored_altar, trog_book
D:5:      marbit_many_paths, nicolae_overflow_hidden_temple,
          xom_confusion_cloud, uniq_edmund
D:6:      grunt_temple_overflow_order_and_chaos_1, serial_shops,
          nicolae_shop_trees, uniq_grinder
D:7:      minmay_temple_entry_statues_pillars, basic_altar
D:8:      uniq_joseph
D:9:      minitemple, minmay_lair_entry_lava, basic_altar
D:10:     grunt_tengu_nest, uniq_urug
Temple:   circular_temple_12


Message History

The manticore is moderately wounded.
The manticore bites you! The manticore claws you.
The manticore claws you but does no damage.
You barely miss the manticore.
The manticore is moderately wounded.
The manticore bites you. The manticore claws you.
The manticore barely misses you.
Unknown command.
Quiver which item? (- for none, * to show all) (? for menu, Esc to quit)
Quivering
d - a throwing net for throwing.
Throwing (i - inventory. (,) - cycle):
d - a throwing net (quivered)
Press: ? - help, Shift-Dir - straight line, f - manticore
Aim: a manticore (moderately wounded)
You throw a throwing net. The throwing net hits the manticore.
The manticore is caught in the net!
The manticore is moderately wounded.
The manticore struggles against the net.
You hit the manticore.
The manticore is heavily wounded.
The manticore struggles against the net.
You slash the manticore!
The manticore is severely wounded.
The manticore struggles against the net.
You completely miss the manticore.
The manticore is severely wounded.
The manticore struggles against the net.
The net rips apart, and the manticore comes free!
You hit the manticore but do no damage.
The manticore is severely wounded.
The manticore bites you! The manticore closely misses you.
The manticore claws you. The manticore bites you.
* * * LOW HITPOINT WARNING * * *
The manticore barely misses you. The manticore closely misses you.
You closely miss the manticore.
The manticore is severely wounded.
The manticore bites you!
* * * LOW HITPOINT WARNING * * *
The manticore closely misses you. The manticore claws you!
* * * LOW HITPOINT WARNING * * *
Drink which item? (? for menu, Esc to quit)
You feel much better.
The manticore bites you but does no damage.
The manticore closely misses you. x2
Unknown command.
You slice the manticore!!
You kill the manticore!
Your Armour skill increases to level 9!
You start resting.
You are feeling hungry.
You start resting.
You are feeling very hungry.
You see here a manticore corpse.
You butcher the manticore corpse.
d - 4 chunks of flesh You see here a manticore skeleton.
Eat one of 4 chunks of flesh? (ye/n/q/i?) This raw flesh tastes terrible.
You continue eating. x2
HP restored.
A cyclops comes into view.
The cyclops shouts!
You see here a manticore skeleton.
You start waiting.
You block the cyclops's attack.
You see here a manticore skeleton.
You hit the cyclops.
The cyclops is lightly wounded.
The cyclops hits you!
You slash the cyclops!
The cyclops is moderately wounded.
You block the cyclops's attack.
You slice the cyclops!!
The cyclops is severely wounded.
You slash the cyclops!
The cyclops is almost dead.
The cyclops hits you!!
All of the chunks of flesh in your inventory have rotted away.
You hit the cyclops.
The cyclops is almost dead.
The cyclops hits you.
You hit the cyclops.
The cyclops is almost dead.
The cyclops hits you!!
Unknown command.
You barely miss the cyclops.
The cyclops is almost dead.
The cyclops hits you!!
* * * LOW HITPOINT WARNING * * *
Drink which item? (? for menu, Esc to quit)
You feel much better.
Unknown command.
You barely miss the cyclops.
The cyclops is almost dead.
The cyclops hits you!
* * * LOW HITPOINT WARNING * * *
You barely miss the cyclops.
The cyclops is almost dead.
The cyclops hits you!!
You die...
Your body disappears without a glow.

#####.#.#..
#.......#.#
#.......#.# .#
#.........##C#
#..........#.#
#......###.#.#
#......###.#.#
#......#...#.#
#......#@###.#
########C....#
#######


You could see a cyclops.

Vanquished Creatures
  A hill giant (D:10)
  A manticore (D:11)
  A centaur zombie (D:10)
  Joseph (D:8)
  A tengu conjurer (D:10)
  A troll (D:7)
  Grinder (D:6)
  6 yaks (D:10)
  Edmund (D:5)
  A giant eyeball (D:10)
  2 hell hounds (D:9)
  4 sky beasts
  2 wasps
  A necrophage (D:5)
  2 black bears
  2 ice beasts
  4 phantoms
  3 centaurs
  2 big kobolds
  3 giant frogs
  A wyvern zombie (D:7)
  A scorpion (D:8)
  5 killer bees (D:10)
  6 crimson imps
  5 howler monkeys (D:8)
  3 jellies
  2 orc priests (D:4)
  6 hounds
  An iguana (D:4)
  4 orc wizards
  Terence (D:2)
  4 worker ants
  A killer bee zombie (D:10)
  A worker ant zombie (D:8)
  A gnoll (D:1)
  5 adders
  4 shadow imps
  2 oozes
  An adder zombie (D:7)
  3 worms
  2 dart slugs (D:1)
  6 giant geckos
  19 orcs
  4 giant cockroaches
  11 hobgoblins
  9 jackals
  16 kobolds
  8 quokkas
  A ball python (D:5)
  12 bats
  A giant gecko skeleton (D:5)
  6 giant newts
  10 goblins
  A quokka skeleton (D:4)
  5 rats
208 creatures vanquished.

Vanquished Creatures (collateral kills)
  2 orc warriors
  An orc priest (D:10)
  2 orcs
5 creatures vanquished.

Vanquished Creatures (others)
  A centaur (D:5)
  A scorpion (D:5)
  An orc wizard (D:5)
  2 worms (D:5)
  A giant gecko (D:5)
  An orc (D:5)
7 creatures vanquished.

Grand Total: 220 creatures vanquished

Action                   |  1- 3 |  4- 6 |  7- 9 | 10-12 || total
-------------------------+-------+-------+-------+-------++-------
Melee: War axe           |    96 |   179 |   412 |       ||   687
       Flail             |       |       |     5 |       ||     5
       Battleaxe         |       |       |    60 |   197 ||   257
 Fire: Blowgun           |       |       |       |    11 ||    11
Throw: Throwing net      |     2 |     1 |     5 |     2 ||    10
       Javelin           |       |       |       |     4 ||     4
Evoke: Deck              |       |       |    10 |     1 ||    11
       Wand              |       |       |     2 |     4 ||     6
  Use: Scroll            |       |     7 |     9 |     7 ||    23
       Potion            |       |       |       |     4 ||     4
 Stab: Held in net/web   |     2 |       |     5 |     1 ||     8
  Eat: Chunk             |       |     4 |     3 |     3 ||    10
       Royal jelly       |       |     1 |     1 |     1 ||     3
       Beef jerky        |       |       |     1 |     2 ||     3
       Pizza             |       |       |     2 |       ||     2
       Bread ration      |       |       |     1 |       ||     1
Armor: Leather armour    |    16 |       |       |       ||    16
       Scale mail        |    55 |    64 |   234 |   117 ||   470
Dodge: Dodged            |   100 |    87 |   211 |   156 ||   554
Block: Other             |       |       |       |    17 ||    17

Action                   |  1- 3 |  4- 6 |  7- 9 | 10-12 || total
-------------------------+-------+-------+-------+-------++-------
Melee: War axe           |    96 |   179 |   412 |       ||   687
       Flail             |       |       |     5 |       ||     5
       Battleaxe         |       |       |    60 |   197 ||   257
 Fire: Blowgun           |       |       |       |    11 ||    11
Throw: Throwing net      |     2 |     1 |     5 |     2 ||    10
       Javelin           |       |       |       |     4 ||     4
Evoke: Deck              |       |       |    10 |     1 ||    11
       Wand              |       |       |     2 |     4 ||     6
  Use: Scroll            |       |     7 |     9 |     7 ||    23
       Potion            |       |       |       |     4 ||     4
 Stab: Held in net/web   |     2 |       |     5 |     1 ||     8
  Eat: Chunk             |       |     4 |     3 |     3 ||    10
       Royal jelly       |       |     1 |     1 |     1 ||     3
       Beef jerky        |       |       |     1 |     2 ||     3
       Pizza             |       |       |     2 |       ||     2
       Bread ration      |       |       |     1 |       ||     1
Armor: Leather armour    |    16 |       |       |       ||    16
       Scale mail        |    55 |    64 |   234 |   117 ||   470
Dodge: Dodged            |   100 |    87 |   211 |   156 ||   554
Block: Other             |       |       |       |    17 ||    17
